 Dungeon Crawl Stone Soup version 0.18.1-1-g2f07953 (webtiles) character file.

3002333 Senshi the Axe Maniac (level 27, 255/273 HPs)
             Began as a Minotaur Berserker on May 22, 2016.
             Was a High Priest of Trog.
             Escaped with the Orb
             ... and 5 runes on May 23, 2016!
             The game lasted 03:03:34 (83916 turns).

Senshi the Axe Maniac (Minotaur Berserker)         Turns: 83916, Time: 03:03:35

Health: 255/273    AC: 58    Str: 34    XL:     27
Magic:  36/36      EV: 23    Int:  7    God:    Trog [*****.]
Gold:   6266       SH:  0    Dex: 15    Spells: 0 memorised, 26 levels left

rFire  + + +     SeeInvis +     V - +9 executioner's axe (elec)
rCold  + . .     Gourm    .     R - +14 crystal plate armour
rNeg   . . .     Faith    .     (shield currently unavailable)
rPois  +         Spirit   .     w - +3 crown of Dyrovepreva {rElec Int+2 SInv}
rElec  +         Dismiss  .     O - +0 cloak {rPois}
rCorr  .         Reflect  .     s - +2 pair of gloves
SustAt .         Harm     .     C - +2 pair of boots
MR     ++...                    t - amulet of regeneration
Stlth  ..........               D - ring of Ruhiz {rF+ Str+3}
                                M - ring of Pessimism {rF++ rC+ Int+5 Dex+3}

@: contaminated, glowing, very resistant to hostile enchantments, extremely
unstealthy
A: retaliatory headbutt, horns 2, dopey 2, weak 1, sturdy frame 1
a: Berserk, Trog's Hand, Brothers in Arms, Burn Spellbooks, Renounce Religion
0: Orb of Zot
}: 5/15 runes: decaying, slimy, silver, abyssal, gossamer


You escaped.
You worshipped Trog.
Trog was extremely pleased with you.
You were not hungry.

You visited 11 branches of the dungeon, and saw 60 of its levels.
You visited the Abyss 7 times.
You visited 1 bazaar.
You also visited: Labyrinth, Sewer, Ossuary and Volcano.

You collected 10192 gold pieces.
You spent 3926 gold pieces at shops.

Inventory:

Hand Weapons
 V - a +9 executioner's axe of electrocution (weapon)
Missiles
 n - 7 javelins of penetration
 u - 13 steel javelins
 y - 14 poisoned javelins
 Y - 7 javelins (quivered)
Armour
 s - a +2 pair of gloves (worn)
 w - the +3 crown of Dyrovepreva (worn) {rElec Int+2 SInv}
   (You bought it in a shop in a bazaar)

   It affects your intelligence (+2).
   It insulates you from electricity.
   It lets you see invisible.
 C - a +2 pair of boots (worn)
 O - a +0 cloak of poison resistance (worn)
 R - a +14 crystal plate armour (worn)
Rods
 A - a +6 rod of shadows (10/10)
   (You took it off a skeletal warrior on level 3 of the Crypt)
 Q - a +4 rod of clouds (15/15)
   (You found it on level 6 of the Pits of Slime)
Jewellery
 g - an uncursed ring of flight
 h - an uncursed ring of protection from cold
 t - an amulet of regeneration (around neck)
 D - the ring of Ruhiz (right hand) {rF+ Str+3}
   (You found it on level 6 of the Pits of Slime)

   [ring of strength]

   It affects your strength (+3).
   It protects you from fire.
 J - an uncursed ring of protection from magic
 M - the ring of Pessimism (left hand) {rF++ rC+ Int+5 Dex+3}
   (You took it off a deep elf annihilator on level 3 of the Elven Halls)

   [ring of intelligence]

   It affects your intelligence (+5).
   It affects your dexterity (+3).
   It greatly protects you from fire.
   It protects you from cold.
Wands
 a - a wand of hasting (7/9)
 c - a wand of hasting (3/9)
 f - a wand of heal wounds (7/9)
 j - a wand of teleportation (8/9)
 z - a wand of disintegration (11/24)
 E - a wand of heal wounds (5/9)
 T - a wand of digging (9/24)
Scrolls
 d - 9 scrolls of fear
 e - 30 scrolls of remove curse
 k - 5 scrolls of blinking
 v - 27 scrolls of teleportation
 P - 5 scrolls of holy word
 S - 6 scrolls of magic mapping
 U - 5 scrolls of identify
 W - 2 scrolls of silence
 Z - 5 scrolls of fog
Potions
 b - 35 potions of curing
 i - 13 potions of agility
 m - 16 potions of might
 o - 4 potions of cure mutation
 p - 5 potions of magic
 q - 5 potions of cancellation
 r - 6 potions of heal wounds
 B - 14 potions of haste
 G - 2 potions of invisibility
 H - 7 potions of resistance
Miscellaneous
 F - a legendary deck of summoning {Repulsiveness, drawn: 1}
Comestibles
 l - 15 fruits
 K - 3 bread rations
 L - 22 beef jerkies
 N - 5 slices of pizza
 X - 8 meat rations


   Skills:
 O Level 27 Fighting
 O Level 27 Axes
 + Level 21.6 Throwing
 O Level 27 Armour
 O Level 27 Dodging
 + Level 21.0 Evocations


You had 26 spell levels left.
You didn't know any spells.

Dungeon Overview and Level Annotations

Branches:
Dungeon (15/15)            Temple (0/1) D:4            Lair (8/8) D:9
  Swamp (4/4) Lair:6       Spider (4/4) Lair:6        Slime (6/6) Lair:6
    Orc (2/2) D:12            Elf (3/3) Orc:2        Vaults (5/5) D:14
  Crypt (3/3) Vaults:3       Tomb (0/3) Crypt:3      Depths (5/5) D:15
    Zot (5/5) Depths:5

Altars:
Ashenzari
Cheibriados
Fedhas
Makhleb
Nemelex Xobeh
Qazlal
Trog
Yredelemnul
The Shining One
Beogh

Shops:
D:6 !   D:12 [   D:14 %*(   Orc:2 *!((   Vaults:1 (   Vaults:3 *
Depths:1 %}!!   Depths:4 *:[(

Portals:
Hell: Lair:8 Depths:1 Depths:2 Depths:3 Depths:4 Depths:5
Abyss: Depths:1 Depths:4 Depths:5
Pandemonium: Depths:3 Depths:5
Ziggurat: Depths:5

Annotations:
D:6 exclusion: oklob plant
D:15 exclusion: obsidian statue
Swamp:4 exclusion: oklob plant


Innate Abilities, Weirdness & Mutations

You reflexively headbutt those who attack you in melee.
You have a pair of horns on your head.
You are very dopey. (Int -4)
You are weak. (Str -2)
Your movements are slightly less encumbered by armour (ER -2).


Message History

The hellwing's corpse armour sloughs away.
The hellwing is lightly wounded.
You slice the hellwing!!
You kill the hellwing!
Trog accepts your kill.
You slice the hellwing!!
The hellwing is severely wounded.
The hellwing misses you. You furiously retaliate!
You headbutt the hellwing.
The hellwing hits you but does no damage.
You slash the hellwing!
The hellwing is almost dead.
The hellwing closely misses you. The hellwing barely misses you.
You slash the hellwing!
You kill the hellwing!
Trog accepts your kill. The smoke demon gestures at you. Something smites you!
A goblin comes into view.
The goblin shouts!
You have escaped!

##................#..#..#########
............(....#.....##
....#>....g.(....#...#.#
....#..[.##(.....####..#
....#...####...........#
....#..##.##...........##########
.####...##.....##.###.....†......
..............#3....##.....#....#
#####........##.@.....#....#....#
# #.........#.....##.....#....# #
#...##.....##.###...[...).... #
#..##.##.5.........########## #
#...####...........# # #
#....##......####..# ## #
#.........#..#...#.# #. #
###......###.#.....# #. #
######## #..#..#.# #.


You could see a smoke demon, a quasit and a goblin.

Vanquished Creatures
  the Royal Jelly (Slime:6)
  Dissolution (Slime:4)
  7 ancient liches
  5 orbs of fire
  2 juggernauts
  2 curse toes
  Norris (Depths:3)
  6 caustic shrikes
  6 Killer Klowns
  A pandemonium lord (D:12)
  6 profane servitors
  Nikola (Swamp:1)
  The ghost of abeheron the Slayer, an adept MiBe of Trog (Vaults:5)
  An iron giant (Depths:4)
  12 golden dragons
  Jory (Vaults:3)
  10 bone dragons
  2 electric golems
  2 hellephants (Abyss:4)
  15 liches
  18 tentacled monstrosities
  Jorgrun (Swamp:2)
  27 Orb Guardians
  A Hell Sentinel (Abyss:3)
  18 acid blobs
  A deep elf blademaster (Elf:3)
  A deep elf master archer (Elf:3)
  A quicksilver dragon (Vaults:5)
  5 titans
  3 Executioners
  5 sphinxes
  5 death cobs
  13 tengu reavers
  Kirke (Lair:7)
  15 storm dragons
  4 ancient champions
  52 tentacled starspawn
  3 thorn hunters
  10 draconian monks
  5 revenants
  12 shadow dragons
  2 iron dragons (Depths:4)
  A daeva (Abyss:4)
  11 azure jellies
  9 frost giants
  18 fire giants
  Donald (Swamp:4)
  19 vault wardens
  8 deep elf sorcerers
  A frost giant (shapeshifter) (Depths:4)
  2 draconian scorchers
  Aizul (Swamp:1)
  5 cacodemons
  7 draconian knights
  6 ghost moths
  6 draconian zealots
  A ghost moth (shapeshifter) (Depths:3)
  Louise (Depths:1)
  9 draconian shifters
  5 emperor scorpions
  A balrug (Abyss:2)
  14 ghouls
  11 ironheart preservers
  A juggernaut zombie (Depths:2)
  4 curse skulls
  2 war gargoyles
  2 spriggan defenders (Depths:3)
  5 deep elf elementalists (Elf:3)
  A reaper (Abyss:4)
  3 draconian annihilators
  26 stone giants
  3 draconian callers
  11 vampire knights
  44 very ugly things
  The ghost of Ultraviolent4 the Brawler, a journeyman VSMo of Cheibriados (Depths:1)
  13 green draconians
  3 salamander stormcallers
  7 black draconians
  11 purple draconians
  3 dire elephants
  6 deep elf demonologists
  4 lorocyprocas
  10 spark wasps
  6 white draconians
  8 red draconians
  7 yellow draconians
  9 deep elf annihilators
  12 mottled draconians
  A mummy priest (Crypt:3)
  8 jiangshi
  2 blizzard demons (Abyss:4)
  Josephine (Lair:7)
  2 green deaths
  7 death oozes (Slime:6)
  12 eidola
  A minotaur (Lab)
  2 crystal guardians
  31 vault guards
  22 fire dragons
  12 deep elf death magi
  19 ettins
  A merfolk impaler (Abyss:4)
  15 great orbs of eyes
  A minotaur (shapeshifter) (Abyss:4)
  13 yaktaur captains
  Harold (Lair:2)
  20 hydras
  17 rakshasas
  3 deep elf high priests
  3 ghost crabs
  14 ice dragons
  A catoblepas (Lair:7)
  2 naga warriors (Abyss:4)
  4 spriggan air magi
  10 entropy weavers
  11 ogre magi
  3 hell beasts
  8 death knights
  3 death yaks (Lair:8)
  An anaconda (shapeshifter) (Depths:5)
  9 deep troll earth magi
  9 deep troll shamans
  5 tengu warriors
  7 vampire magi
  7 alligators
  9 centaur warriors
  26 dancing weapons
  41 thrashing horrors
  7 spriggan berserkers
  8 hell hogs
  27 deep elf knights
  Nergalle (Lair:4)
  A soul eater (Crypt:2)
  5 sun demons
  6 shadow wraiths
  2 titan skeletons (Crypt:3)
  39 wretched stars
  A fire crab (shapeshifter) (Vaults:1)
  5 wizards
  37 skeletal warriors
  A death drake (shapeshifter) (Abyss:4)
  10 iron trolls
  12 hell knights
  10 spatial maelstroms
  4 unseen horrors
  A golden dragon zombie (Depths:2)
  3 shadow demons
  2 unseen horrors (shapeshifter)
  17 flayed ghosts
  14 giant orange brains
  168 starcursed masses
  22 deep elf archers
  31 deep trolls
  An orange crystal statue (Zot:5)
  5 spectral hydras (Swamp:4)
  A wolf spider zombie (Crypt:3)
  4 shambling mangroves
  A spriggan druid (Swamp:4)
  10 hill giants
  21 phantasmal warriors
  20 ironbrand convokers
  2 mana vipers
  3 swamp dragons
  Pikel (D:5)
  A harpy (shapeshifter) (Depths:5)
  20 orb spiders
  59 ugly things
  14 orc knights
  4 harpies (Vaults:3)
  A stone giant zombie (Depths:2)
  An orb spider (shapeshifter) (Vaults:4)
  2 orc sorcerers
  3 shining eyes
  13 necromancers
  7 griffons
  28 wolf spiders
  A faun (shapeshifter) (Depths:3)
  4 frost giant zombies
  A cyclops (shapeshifter) (Vaults:5)
  93 deep elf magi
  15 hornets
  A fire giant zombie (Crypt:3)
  5 salamanders
  A shining eye (shapeshifter) (Depths:3)
  5 sixfirhies
  10 worldbinders
  4 manticores
  3 manticores (shapeshifter)
  An octopode (shapeshifter) (Vaults:4)
  5 cyclopes
  A dire elephant zombie (Abyss:3)
  2 stone giant skeletons (Crypt:3)
  Maurice (D:8)
  A salamander (shapeshifter) (Vaults:4)
  2 rust devils
  A frost giant skeleton (Depths:2)
  3 guardian serpents
  24 moths of wrath
  An elephant (Lair:8)
  13 vault sentinels
  8 apocalypse crabs
  2 shock serpent zombies (Crypt:3)
  3 eyes of devastation
  Joseph (D:7)
  9 orange demons
  A fire giant skeleton (Crypt:3)
  A naga mage (Abyss:4)
  2 drowned souls (Abyss:4)
  4 black mambas
  2 human skeletons
  A spiny frog (shapeshifter) (Vaults:2)
  2 molten gargoyles (Lair:3)
  2 guardian serpents (shapeshifter)
  Psyche (D:9)
  34 smoke demons
  An eye of devastation (shapeshifter) (Depths:4)
  23 spiny frogs
  3 water nymphs
  A gargoyle (D:12)
  A catoblepas zombie (Crypt:3)
  2 torpor snails (Lair:8)
  A dire elephant skeleton (Crypt:3)
  3 kobold demonologists (D:13)
  7 efreet
  A yaktaur (shapeshifter) (Vaults:5)
  10 komodo dragons
  A purple draconian zombie (Crypt:2)
  5 swamp worm zombies
  5 hellions
  A shock serpent skeleton (Crypt:1)
  5 rime drakes (D:14)
  13 demonic crawlers
  A catoblepas skeleton (Crypt:1)
  11 freezing wraiths
  68 yaktaurs
  4 emperor scorpion zombies
  A komodo dragon (shapeshifter) (Vaults:5)
  5 ice devils
  A harpy zombie (Crypt:3)
  4 tormentors
  A guardian mummy (Crypt:3)
  A tengu conjurer (Depths:1)
  8 hellwings
  8 red devils
  2 spriggan skeletons
  4 hydra zombies
  6 trolls
  35 ancient zymes
  A wolf spider simulacrum (Abyss:4)
  10 giant leeches
  A polar bear (Lair:5)
  38 jumping spiders
  2 jumping spiders (shapeshifter)
  A wind drake (shapeshifter) (Elf:2)
  99 raiju
  Grinder (D:3)
  37 blink frogs
  A blink frog (shapeshifter) (Depths:1)
  A fire dragon zombie (Crypt:3)
  9 boulder beetles
  2 ushabtiu (Crypt:3)
  2 iron dragon simulacra (Abyss:4)
  2 ice dragon zombies (Crypt:3)
  18 two-headed ogres
  2 spectral swamp dragons (Swamp:4)
  4 ettin zombies
  57 slime creatures
  16 bog bodies
  A frost giant simulacrum (Vaults:2)
  6 alligator zombies
  A fire giant simulacrum (Vaults:4)
  22 flying skulls
  11 air elementals
  A fire dragon skeleton (Abyss:4)
  Sigmund (D:2)
  A spriggan (shapeshifter) (Vaults:2)
  98 redbacks
  A redback (shapeshifter) (Depths:3)
  8 spriggans
  2 vampires
  24 ynoxinuls
  2 tarantellas (shapeshifter)
  34 tarantellas
  11 wyverns
  An ettin skeleton (Abyss:4)
  97 large abominations
  10 shadows
  A dire elephant simulacrum (Abyss:2)
  An alligator skeleton (Crypt:3)
  5 fire bats
  6 fire elementals
  A golden eye (shapeshifter) (Depths:2)
  A hog (Lair:7)
  A hog (shapeshifter) (Abyss:5)
  11 water elementals
  79 yaks
  A human (shapeshifter) (D:14)
  27 golden eyes
  19 wraiths
  7 basilisks
  31 neqoxecs
  25 chaos spawn
  6 hungry ghosts
  37 vampire mosquitoes
  3 wargs
  A mottled dragon (Vaults:2)
  13 hippogriffs
  9 spatial vortices
  2 harpy simulacra (Abyss:4)
  A naga (Abyss:4)
  A yaktaur simulacrum (Depths:1)
  15 insubstantial wisps
  An infernal demonspawn zombie (Crypt:2)
  20 swamp worms
  A soldier ant (shapeshifter) (D:15)
  8 hell hounds
  2 giant eyeballs (Depths:4)
  19 water moccasins
  8 swamp drakes
  10 porcupines
  3 sky beasts
  49 orc warriors
  4 swamp dragon zombies (Swamp:4)
  3 ice beasts
  3 slaves (D:5)
  A deep troll skeleton (Crypt:2)
  A black bear (D:7)
  A black bear (shapeshifter) (Abyss:5)
  19 wasps
  22 boggarts
  40 ogres
  14 eyes of draining
  14 necrophages
  6 wolves (Lair:3)
  10 phantoms
  A tengu (shapeshifter) (Abyss:5)
  29 centaurs
  14 crocodiles
  A manticore skeleton (Abyss:4)
  A crocodile (shapeshifter) (Abyss:5)
  2 human zombies
  A fire crab zombie (Crypt:2)
  A salamander zombie (Crypt:1)
  10 big kobolds
  A gnoll sergeant (D:12)
  27 giant frogs
  A wyvern zombie (Crypt:1)
  An earth elemental (Elf:3)
  10 wyvern skeletons (Crypt:3)
  4 scorpions
  53 small abominations
  A snapping turtle simulacrum (Abyss:3)
  22 killer bees
  10 wights
  11 electric eels
  A howler monkey (D:12)
  4 centaur zombies
  5 lava snakes (Lair:3)
  12 crimson imps
  A demonspawn zombie (Crypt:1)
  A giant frog zombie (D:12)
  21 jellies
  7 quasits
  A human simulacrum (Vaults:4)
  6 centaur skeletons
  A two-headed ogre zombie (Crypt:1)
  A jelly (shapeshifter) (Depths:3)
  Crazy Yiuf (D:2)
  4 giant frog skeletons
  19 orc priests
  4 hounds
  20 orc wizards
  6 iron imps
  Jessica (D:2)
  13 iguanas
  6 worker ants
  A killer bee zombie (D:6)
  31 sheep
  A naga zombie (Crypt:2)
  2 tengu zombies
  A naga skeleton (Abyss:2)
  2 hound skeletons (D:4)
  6 mummies
  A worker ant zombie (D:11)
  Robin (D:4)
  A swamp drake zombie (Swamp:4)
  13 gnolls
  14 adders
  47 river rats
  5 shadow imps
  9 white imps
  6 ufetubi
  3 adder zombies
  4 adder skeletons
  6 worms
  2 dart slugs
  11 giant geckos
  77 orcs
  3 ball pythons
  5 giant cockroaches
  14 goblins
  11 hobgoblins
  14 jackals
  18 kobolds
  4 quokkas
  4 bats
  2 giant gecko skeletons
  A giant gecko zombie (D:6)
  4 giant newts
  3 hobgoblin zombies (Ossuary)
  A jackal zombie (D:6)
  3 kobold zombies
  3 orc zombies (Ossuary)
  A quokka skeleton (D:4)
  33 rats
  4 briar patches
  3 crawling corpses (Elf:3)
  4 fungi
  A lost soul (Crypt:3)
  3 lurking horrors
  A plant (Lair:1)
  75 starspawn tentacles
  A starspawn tentacle segment (Abyss:1)
  9 withered plants (Crypt:3)
4163 creatures vanquished.

Vanquished Creatures (collateral kills)
  A sixfirhy (Abyss:4)
  5 golden eyes (Abyss:4)
  2 starcursed masses (Abyss:4)
8 creatures vanquished.

Vanquished Creatures (others)
  3 fire giants
  An ogre mage (Vaults:1)
  An alligator (Swamp:2)
  An ugly thing (Vaults:4)
  A vault sentinel (Vaults:2)
  A yaktaur (Depths:1)
  A polar bear (shapeshifter) (Vaults:1)
  A bog body (Swamp:3)
  A flying skull (Abyss:2)
  A golden eye (Abyss:5)
  2 insubstantial wisps (Swamp:4)
  A porcupine (Lair:6)
  2 boggarts
  A centaur (Orc:2)
  An ogre (Vaults:3)
  A small abomination (Abyss:2)
  A wight (Abyss:2)
  A howler monkey (D:5)
  A quasit (Abyss:4)
  An orc (Orc:2)
  8 briar patches (Abyss:4)
  16 fungi
  8 lost souls
  9 lurking horrors
  8 plants
  83 starspawn tentacles
  1254 starspawn tentacle segments
  17 withered plants (Crypt:3)
1427 creatures vanquished.

Grand Total: 5598 creatures vanquished

Notes
Turn   | Place    | Note
--------------------------------------------------------------
     0 | D:1      | Senshi the Minotaur Berserker began the quest for the Orb.
     0 | D:1      | Reached XP level 1. HP: 19/19 MP: 0/0
    42 | D:1      | Reached XP level 2. HP: 3/27 MP: 1/1
   839 | D:1      | Found a shattered altar of Ashenzari.
  1038 | D:2      | Reached XP level 3. HP: 11/33 MP: 2/2
  1379 | D:2      | Noticed Sigmund
  1387 | D:2      | Killed Sigmund
  1387 | D:2      | Reached ** piety under Trog
  1387 | D:2      | Reached skill level 5 in Fighting
  1387 | D:2      | Reached XP level 4. HP: 6/42 MP: 3/3
  1387 | D:2      | Reached XP level 5. HP: 7/48 MP: 4/4
  1654 | D:2      | Noticed Jessica
  1659 | D:2      | Killed Jessica
  1882 | D:2      | Noticed Crazy Yiuf
  1886 | D:2      | Killed Crazy Yiuf
  1886 | D:2      | Reached XP level 6. HP: 56/56 MP: 5/5
  2158 | D:3      | Noticed Grinder
  2162 | D:3      | Killed Grinder
  2335 | D:3      | Found a faded altar to an unknown god.
  2471 | D:3      | Reached *** piety under Trog
  2474 | D:3      | Reached XP level 7. HP: 59/64 MP: 6/6
  2525 | D:3      | Found a glowing drain.
  2529 | Sewer    | Entered a sewer
  3615 | D:4      | Got an amethyst-encrusted scale mail
  3626 | D:4      | Identified the +4 scale mail of the Depths {Str+4} (You found it on level 4 of the Dungeon)
  3636 | D:4      | Reached **** piety under Trog
  3887 | D:4      | Reached XP level 8. HP: 36/73 MP: 7/7
  4007 | D:4      | Reached skill level 10 in Axes
  4219 | D:4      | Noticed Robin
  4230 | D:4      | Killed Robin
  4249 | D:4      | Found a staircase to the Ecumenical Temple.
  4377 | D:5      | Entered Level 5 of the Dungeon
  4846 | D:5      | Noticed Pikel
  4883 | D:5      | Killed Pikel
  5149 | D:6      | Reached XP level 9. HP: 72/83 MP: 8/8
  5181 | D:6      | Found Daiv's Distillery.
  5190 | D:6      | Bought a potion of invisibility for 96 gold pieces
  5190 | D:6      | Bought a potion of agility for 48 gold pieces
  5190 | D:6      | Bought a potion of curing for 36 gold pieces
  5333 | D:6      | Noticed an oklob plant
  5382 | D:6      | Found a sparkling altar of Nemelex Xobeh.
  5455 | D:6      | Reached ***** piety under Trog
  5824 | D:7      | Noticed Joseph
  5824 | D:7      | Found a snail-covered altar of Cheibriados.
  5944 | D:7      | Killed Joseph
  6048 | D:7      | Reached skill level 10 in Fighting
  6251 | D:8      | Noticed Maurice
  6283 | D:8      | Killed Maurice
  6292 | D:8      | Found a sand-covered staircase.
  6301 | Ossuary  | Entered an ossuary
  6488 | D:8      | Found a blossoming altar of Fedhas.
  6532 | D:8      | Reached XP level 10. HP: 80/94 MP: 9/9
  6543 | D:8      | Noticed a hill giant
  6562 | D:8      | Received a gift from Trog
  6567 | D:8      | Killed a hill giant
  6874 | D:8      | Got a fine jade ring
  7031 | D:8      | Found a stormy altar of Qazlal.
  7054 | D:9      | Noticed Psyche
  7061 | D:9      | Killed Psyche
  7107 | D:9      | Reached skill level 15 in Axes
  7683 | D:9      | Found a staircase to the Lair.
  7986 | D:10     | Entered Level 10 of the Dungeon
  8029 | D:10     | Reached XP level 11. HP: 95/104 MP: 10/10
  8471 | D:10     | Noticed a hill giant
  8491 | D:10     | Killed a hill giant
  9321 | D:10     | Identified the cursed ring "Ferumeen" {+Blink rC+ Dex-3} (You found it on level 8 of the Dungeon)
  9520 | D:11     | Found a labyrinth entrance.
  9529 | Lab      | Entered a labyrinth
  9592 | Lab      | Noticed a minotaur
  9602 | Lab      | Killed a minotaur
  9604 | Lab      | Got a sparkling amber ring
  9613 | Lab      | Identified Raacamm's Almanac of Translocation
  9616 | Lab      | Identified the Compendium of Enchanting Snow
  9841 | D:11     | Noticed a skeletal warrior
  9843 | D:11     | Noticed a skeletal warrior
  9845 | D:11     | Noticed a skeletal warrior
  9852 | D:11     | Killed a skeletal warrior
  9858 | D:11     | Noticed a skeletal warrior
  9859 | D:11     | Killed a skeletal warrior
  9867 | D:11     | Killed a skeletal warrior
  9870 | D:11     | Killed a skeletal warrior
 10231 | D:11     | Noticed a six-headed hydra
 10299 | D:10     | Identified the ring of Diopte {+Fly rElec Int+2} (You took it off a minotaur in a labyrinth)
 10308 | D:10     | Gained mutation: You possess an exceptional clarity of mind. [potion of beneficial mutation]
 10372 | Lair:1   | Entered Level 1 of the Lair of Beasts
 10398 | Lair:1   | Reached XP level 12. HP: 104/115 MP: 11/11
 10541 | Lair:1   | Received a gift from Trog
 10682 | Lair:1   | Noticed a seven-headed hydra
 10693 | Lair:1   | Killed a 12-headed hydra
 11636 | Lair:2   | Noticed a four-headed hydra
 11653 | Lair:2   | Killed an eight-headed hydra
 11811 | Lair:2   | Found a dark tunnel.
 11821 | Volcano  | Entered a volcano
 12111 | Lair:2   | Noticed Harold
 12124 | Lair:2   | Killed Harold
 13342 | Lair:3   | Reached XP level 13. HP: 104/125 MP: 4/12
 13348 | Lair:3   | Received a gift from Trog
 13639 | Lair:4   | Identified a scroll of acquirement
 13643 | Lair:4   | Reached skill level 15 in Fighting
 13697 | Lair:4   | Noticed Nergalle
 13711 | Lair:4   | Killed Nergalle
 14426 | Lair:5   | Received a gift from Trog
 14642 | Lair:5   | Reached ****** piety under Trog
 15273 | Lair:6   | Found a staircase to the Slime Pits.
 15379 | Lair:6   | Reached skill level 5 in Armour
 15541 | Lair:6   | Found a staircase to the Swamp.
 15553 | Lair:6   | Found a hole to the Spider Nest.
 16051 | Lair:7   | Noticed Josephine
 16057 | Lair:7   | Killed Josephine
 16081 | Lair:7   | Received a gift from Trog
 16497 | Lair:7   | Noticed Kirke
 16504 | Lair:7   | Killed Kirke
 16769 | Lair:8   | Entered Level 8 of the Lair of Beasts
 16793 | Lair:8   | Reached XP level 14. HP: 121/137 MP: 13/13
 16828 | Lair:8   | Got a pitted plate armour
 17142 | Lair:8   | Identified the cursed +1 plate armour of Charity {Int+4} (You found it on level 8 of the Lair of Beasts)
 17188 | Lair:8   | Received a gift from Trog
 17481 | Lair:8   | Found a burning altar of Makhleb.
 17758 | Lair:8   | Found a gateway to Hell.
 18961 | D:12     | Received a gift from Trog
 19260 | D:12     | Found a roughly hewn altar of Beogh.
 19260 | D:12     | Found a staircase to the Orcish Mines.
 19696 | D:12     | Found Osipuyggo's Armour Boutique.
 20539 | D:14     | Found Init's General Store.
 20547 | D:14     | Bought a potion of cancellation for 144 gold pieces
 20547 | D:14     | Bought a scroll of identify for 36 gold pieces
 20547 | D:14     | Bought a potion of might for 72 gold pieces
 20567 | D:14     | Received a gift from Trog
 20601 | D:14     | Found Kinojonu's Weapon Shoppe.
 20647 | D:14     | Reached XP level 15. HP: 107/147 MP: 10/14
 20967 | D:14     | Found a glowing golden altar of the Shining One.
 21035 | D:14     | Found Guimm's Food Emporium.
 21180 | D:14     | Found a gate to the Vaults.
 21393 | D:15     | Entered Level 15 of the Dungeon
 21550 | D:15     | Received a gift from Trog
 21556 | D:14     | Reached skill level 10 in Armour
 22595 | D:15     | Found a staircase to the Depths.
 22595 | D:15     | Noticed a frost giant
 22601 | D:15     | Killed a frost giant
 23278 | Orc:1    | Entered Level 1 of the Orcish Mines
 23476 | Orc:2    | Entered Level 2 of the Orcish Mines
 23538 | Orc:2    | Received a gift from Trog
 23999 | Orc:2    | Found a staircase to the Elven Halls.
 24577 | Orc:2    | Received a gift from Trog
 24641 | Orc:2    | Found Ucoxon's Distillery.
 24641 | Orc:2    | Found Foschidi's Weapon Shoppe.
 24643 | Orc:2    | Found Osofrut's Antique Weapon Emporium.
 24645 | Orc:2    | Found Antess's Assorted Antiques.
 24657 | Orc:2    | Bought a glowing bronze ring for 165 gold pieces
 24657 | Orc:2    | Bought a glowing bone ring for 165 gold pieces
 24657 | Orc:2    | Bought a scroll of identify for 66 gold pieces
 24665 | Orc:2    | Bought a potion of heal wounds for 75 gold pieces
 24665 | Orc:2    | Bought a potion of curing for 45 gold pieces
 24665 | Orc:2    | Bought a potion of resistance for 150 gold pieces
 24665 | Orc:2    | Bought a potion of curing for 45 gold pieces
 24665 | Orc:2    | Bought a potion of might for 60 gold pieces
 25279 | Swamp:1  | Entered Level 1 of the Swamp
 25417 | Swamp:1  | Received a gift from Trog
 25437 | Swamp:1  | Noticed Nikola
 25447 | Swamp:1  | Killed Nikola
 25447 | Swamp:1  | Reached XP level 16. HP: 157/157 MP: 7/15
 26121 | Swamp:1  | Noticed Aizul
 26148 | Swamp:1  | Killed Aizul
 27365 | Swamp:3  | Noticed Jorgrun
 27383 | Swamp:2  | Killed Jorgrun
 27390 | Swamp:3  | Noticed a thorn hunter
 27392 | Swamp:3  | Noticed a thorn hunter
 27778 | Swamp:2  | Killed a thorn hunter
 27854 | Swamp:3  | Killed a thorn hunter
 27997 | Swamp:3  | Received a gift from Trog
 28646 | Swamp:4  | Entered Level 4 of the Swamp
 28682 | Swamp:4  | Noticed Donald
 28692 | Swamp:4  | Killed Donald
 29205 | Swamp:4  | Noticed a bone dragon
 29476 | Swamp:4  | Killed a bone dragon
 29476 | Swamp:4  | Reached XP level 17. HP: 163/163 MP: 16/16
 30423 | Spider:1 | Entered Level 1 of the Spider Nest
 32843 | Spider:1 | Received a gift from Trog
 33709 | Spider:2 | Got a shimmering battleaxe
 33710 | Spider:2 | Identified the +9 battleaxe of Ystoem {chop, rPois MP+9 Dex+3 Stlth-} (You found it on level 2 of the Spider Nest)
 34025 | Spider:2 | Received a gift from Trog
 34626 | Spider:3 | Got an ancient cloak
 34648 | Spider:3 | Identified the +4 cloak of the Voivode {*Corrode rElec MP+9 Str+6} (You found it on level 3 of the Spider Nest)
 35041 | Spider:3 | Received a gift from Trog
 35262 | Spider:4 | Entered Level 4 of the Spider Nest
 35497 | Spider:4 | Received a gift from Trog
 36180 | Spider:4 | Reached XP level 18. HP: 171/171 MP: 17/17
 36788 | Spider:4 | Reached skill level 15 in Armour
 36828 | Spider:4 | Received a gift from Trog
 37182 | Spider:4 | Got a gossamer rune of Zot
 37653 | Swamp:4  | Got a decaying rune of Zot
 38010 | Vaults:1 | Entered Level 1 of the Vaults
 38042 | Vaults:1 | Found a bloodstained altar of Trog.
 39039 | Vaults:1 | Reached skill level 27 in Axes
 39184 | Vaults:1 | Received a gift from Trog
 39402 | Vaults:1 | Found Jolutugo's Antique Weapon Boutique.
 40234 | Vaults:2 | Found a flickering gateway to a bazaar.
 40247 | Bazaar   | Entered a bazaar
 40247 | Bazaar   | Found Zitwinle's Book Shoppe.
 40247 | Bazaar   | Found Ozutedey's Assorted Antiques.
 40251 | Bazaar   | Found Qaciti's Antique Weapon Shoppe.
 40265 | Bazaar   | Found Xiockiuph's Antique Armour Emporium.
 40277 | Bazaar   | Bought the +3 crown of Dyrovepreva {rElec Int+2 SInv} for 993 gold pieces
 40545 | Vaults:2 | Cast into level 2 of the Abyss (an ogre mage)
 40597 | Abyss:2  | Reached XP level 19. HP: 85/189 MP: 18/18
 40602 | Abyss:2  | Noticed an ancient lich
 40606 | Abyss:2  | Killed an ancient lich
 40608 | Abyss:2  | Received a gift from Trog
 40684 | Vaults:2 | Escaped the Abyss
 41535 | Vaults:2 | Cast into level 4 of the Abyss (yaktaur captain)
 41601 | Abyss:4  | Found a corrupted altar of Lugonu.
 41657 | Abyss:4  | Noticed a lich
 41669 | Abyss:4  | Killed a lich
 41672 | Abyss:4  | Received a gift from Trog
 41673 | Abyss:4  | Found a corrupted altar of Lugonu.
 41862 | Abyss:4  | Noticed a profane servitor
 41900 | Abyss:4  | Killed a profane servitor
 41911 | Vaults:2 | Escaped the Abyss
 43748 | Vaults:3 | Found a staircase to the Crypt.
 43851 | Vaults:3 | Found Ymigoh's Assorted Antiques.
 43859 | Vaults:3 | Bought a scroll of teleportation for 108 gold pieces
 43859 | Vaults:3 | Bought a scroll of enchant armour for 270 gold pieces
 43859 | Vaults:3 | Bought a scroll of teleportation for 108 gold pieces
 43900 | Vaults:3 | Received a gift from Trog
 43913 | Vaults:3 | Noticed Jory
 43931 | Vaults:3 | Killed Jory
 44534 | Vaults:3 | Reached XP level 20. HP: 135/204 MP: 19/19
 44553 | Vaults:3 | Cast into level 3 of the Abyss (an ogre mage)
 44847 | Abyss:3  | Received a gift from Trog
 44967 | Abyss:3  | Reached skill level 5 in Dodging
 45420 | Vaults:3 | Escaped the Abyss
 46025 | Vaults:4 | Received a gift from Trog
 46245 | Vaults:4 | Got a scintillating bone ring
 46895 | Vaults:4 | Received a gift from Trog
 47150 | Vaults:4 | Reached XP level 21. HP: 210/215 MP: 20/20
 48108 | Elf:1    | Entered Level 1 of the Elven Halls
 48170 | Elf:1    | Received a gift from Trog
 48737 | Elf:1    | Received a gift from Trog
 49349 | Elf:1    | Reached skill level 10 in Dodging
 49357 | Elf:1    | Identified the ring of the Chupacabra {Wiz Dex+4} (You found it on level 4 of the Vaults)
 49635 | Elf:2    | Received a gift from Trog
 49756 | Elf:2    | Found a runed gate.
 49756 | Elf:2    | Found a runed gate.
 49843 | Elf:2    | Found a runed gate.
 50941 | Depths:1 | Entered Level 1 of the Depths
 51106 | Depths:1 | Noticed Ultraviolent4's ghost (journeyman VSMo)
 51116 | Depths:1 | Killed Ultraviolent4's ghost
 51120 | Depths:1 | Found Ipnoos's Food Shoppe.
 51121 | Depths:1 | Received a gift from Trog
 51260 | Depths:1 | Found Zoeceicu's Gadget Shoppe.
 51331 | Depths:1 | Found a one-way gate to the infinite horrors of the Abyss.
 51331 | Depths:1 | Noticed Louise
 51337 | Depths:1 | Cast into level 2 of the Abyss (Louise)
 51424 | Abyss:2  | Received a gift from Trog
 51494 | Abyss:2  | Reached XP level 22. HP: 228/228 MP: 21/21
 51956 | Depths:1 | Escaped the Abyss
 51970 | Depths:1 | Killed Louise
 52138 | Depths:1 | Found Ycetiset's Distillery.
 52326 | Depths:1 | Bought a potion of curing for 33 gold pieces
 52326 | Depths:1 | Bought 2 potions of curing for 66 gold pieces
 52326 | Depths:1 | Bought a potion of agility for 44 gold pieces
 52326 | Depths:1 | Bought a potion of might for 44 gold pieces
 52494 | Depths:1 | Found Fiusec's Distillery.
 52535 | Depths:1 | Bought a potion of resistance for 190 gold pieces
 52535 | Depths:1 | Bought a potion of resistance for 190 gold pieces
 52535 | Depths:1 | Bought a potion of heal wounds for 95 gold pieces
 52535 | Depths:1 | Bought a potion of haste for 190 gold pieces
 52535 | Depths:1 | Bought a potion of curing for 57 gold pieces
 52535 | Depths:1 | Bought a potion of heal wounds for 95 gold pieces
 52818 | Depths:2 | Received a gift from Trog
 53123 | Depths:2 | Reached skill level 27 in Fighting
 53468 | Depths:2 | Got a translucent bronze ring
 53469 | Depths:2 | Identified the ring "Pan Jag" {+Inv rF- MP+9 Str+4} (You found it on level 2 of the Depths)
 53685 | Depths:2 | Received a gift from Trog
 54373 | Depths:3 | Noticed Norris
 54390 | Depths:3 | Killed Norris
 54390 | Depths:3 | Reached XP level 23. HP: 240/240 MP: 22/22
 54599 | Depths:3 | Noticed a caustic shrike
 54599 | Depths:3 | Noticed a caustic shrike
 54599 | Depths:3 | Noticed a caustic shrike
 54599 | Depths:3 | Noticed a caustic shrike
 54600 | Depths:3 | Noticed a caustic shrike
 54722 | Depths:3 | Received a gift from Trog
 55030 | Depths:3 | Found a one-way gate leading to the halls of Pandemonium.
 55037 | Depths:3 | Gained mutation: You are partially covered in yellow scales (AC +2). [a cacodemon]
 55073 | Depths:3 | Gained mutation: Your magical capacity is low (-10% MP). [a shining eye]
 55080 | Depths:3 | Gained mutation: Your spells are a little easier to cast, but a little less powerful. [a shining eye]
 55271 | Depths:3 | Killed a caustic shrike
 55600 | Depths:3 | Killed a caustic shrike
 55614 | Depths:3 | Killed a caustic shrike
 55614 | Depths:3 | Reached skill level 15 in Dodging
 55621 | Depths:3 | Killed a caustic shrike
 55629 | Depths:3 | Killed a caustic shrike
 56039 | Depths:3 | Reached skill level 1 in Evocations
 56043 | Depths:3 | Received a gift from Trog
 56067 | Depths:3 | Noticed a juggernaut
 56079 | Depths:3 | Killed a juggernaut
 56219 | Depths:3 | Received a gift from Trog
 56606 | Depths:4 | Reached XP level 24. HP: 148/249 MP: 22/22
 56928 | Depths:4 | Reached skill level 5 in Evocations
 57520 | Depths:4 | Noticed a juggernaut
 57527 | Depths:4 | Killed a juggernaut
 57576 | Depths:4 | Found Ebohemm's Armour Boutique.
 57576 | Depths:4 | Found Fuibluitz's Weapon Shoppe.
 57579 | Depths:4 | Received a gift from Trog
 57580 | Depths:4 | Found Toila's Assorted Antiques.
 57580 | Depths:4 | Found Ydaqiar's Book Shop.
 57623 | Depths:4 | Bought a scroll of magic mapping for 129 gold pieces
 57623 | Depths:4 | Bought a scroll of teleportation for 111 gold pieces
 58463 | Depths:5 | Entered Level 5 of the Depths
 58764 | Depths:5 | Found a gate to the Realm of Zot.
 58814 | Depths:5 | Received a gift from Trog
 58827 | Depths:5 | Found a gateway to a ziggurat.
 59199 | Depths:5 | Got a twisted buckler
 60060 | Crypt:1  | Entered Level 1 of the Crypt
 60527 | Vaults:3 | Reached XP level 25. HP: 143/257 MP: 25/25
 61979 | Crypt:2  | Received a gift from Trog
 61979 | Crypt:2  | Reached skill level 10 in Evocations
 62025 | Crypt:2  | Got a pitted arbalest {god gift}
 62026 | Crypt:2  | Identified the +4 arbalest of Xikluida {speed, +Inv} (Trog gifted it to you on level 2 of the Crypt)
 62173 | Crypt:3  | Entered Level 3 of the Crypt
 63257 | Crypt:3  | Found a staircase to the Tomb.
 64419 | Crypt:3  | Found a basalt altar of Yredelemnul.
 64515 | Crypt:3  | Identified a +6 rod of shadows (10/10) (You took it off a skeletal warrior on level 3 of the Crypt)
 65679 | Elf:3    | Entered Level 3 of the Elven Halls
 66204 | Elf:3    | Received a gift from Trog
 66251 | Elf:3    | Reached XP level 26. HP: 176/264 MP: 27/27
 66283 | Elf:3    | Cast into level 2 of the Abyss (a deep elf demonologist)
 66645 | Abyss:2  | Paralysed by accursed screaming for 1 turns
 66970 | Elf:3    | Escaped the Abyss
 67136 | Elf:3    | Received a gift from Trog
 67167 | Elf:3    | Got a pitted granite ring
 67168 | Elf:3    | Identified the ring of Pessimism {rF++ rC+ Int+5 Dex+3} (You took it off a deep elf annihilator on level 3 of the Elven Halls)
 67212 | Elf:3    | Got a sparkling jade ring
 67216 | Elf:3    | Identified the ring "Petzek" {*Tele Dex+3} (You took it off a deep elf annihilator on level 3 of the Elven Halls)
 67230 | Elf:3    | Got a twisted plate armour
 67231 | Elf:3    | Identified the +5 plate armour "Mousojal" {+Fly Str+3 Dex+4 Stlth-} (You found it on level 3 of the Elven Halls)
 69195 | Vaults:5 | Entered Level 5 of the Vaults
 69203 | Vaults:4 | Reached skill level 1 in Throwing
 69726 | Vaults:5 | Received a gift from Trog
 69777 | Vaults:5 | Reached skill level 5 in Throwing
 69918 | Vaults:5 | Noticed abeheron's ghost (adept MiBe)
 69933 | Vaults:5 | Killed abeheron's ghost
 70456 | Vaults:5 | Got a silver rune of Zot
 70639 | Vaults:5 | Received a gift from Trog
 71388 | Slime:1  | Entered Level 1 of the Pits of Slime
 71494 | Slime:2  | Reached XP level 27. HP: 228/271 MP: 18/28
 71568 | Slime:4  | Gained mutation: Your body sometimes deteriorates upon taking damage. [a shining eye]
 71570 | Slime:4  | Noticed Dissolution
 71696 | Slime:4  | Killed Dissolution
 71708 | Slime:4  | Lost mutation: Your body sometimes deteriorates upon taking damage. [potion of cure mutation]
 71708 | Slime:4  | Lost mutation: You possess an exceptional clarity of mind. [potion of cure mutation]
 71708 | Slime:4  | Lost mutation: Your spells are a little easier to cast, but a little less powerful. [potion of cure mutation]
 71708 | Slime:4  | Lost mutation: Your magical capacity is low (-10% MP). [potion of cure mutation]
 71985 | Slime:6  | Entered Level 6 of the Pits of Slime
 71989 | Slime:6  | Received a gift from Trog
 72058 | Slime:6  | Gained mutation: You are clumsy. (Dex -2) [a shining eye]
 72062 | Slime:6  | Gained mutation: Your spells are a little easier to cast, but a little less powerful. [a shining eye]
 72104 | Slime:6  | Noticed the Royal Jelly
 72117 | Slime:6  | Killed the Royal Jelly
 72117 | Slime:6  | Reached skill level 27 in Armour
 72238 | Slime:6  | Reached skill level 10 in Throwing
 72548 | Slime:6  | Got a sparkling amber ring
 72549 | Slime:6  | Identified the ring of Ruhiz {rF+ Str+3} (You found it on level 6 of the Pits of Slime)
 72566 | Slime:6  | Got a slimy rune of Zot
 72593 | Slime:6  | Got a smoking silver ring
 72594 | Slime:6  | Identified the ring "Ningadil" {+Fly rElec rPois rF- Stlth-} (You found it on level 6 of the Pits of Slime)
 72665 | Slime:6  | Identified a +4 rod of clouds (15/15) (You found it on level 6 of the Pits of Slime)
 73091 | Depths:1 | Voluntarily entered the Abyss.
 73306 | Abyss:1  | Found an iron altar of Okawaru.
 73323 | Abyss:2  | Found a corrupted altar of Lugonu.
 73958 | Abyss:2  | Received a gift from Trog
 74150 | Abyss:2  | Received a gift from Trog
 74610 | Abyss:5  | Entered Level 5 of the Abyss
 75088 | Abyss:5  | Received a gift from Trog
 75312 | Abyss:5  | Gained mutation: You are weak. (Str -2) [a cacodemon]
 75574 | Abyss:5  | Paralysed by accursed screaming for 1 turns
 75582 | Abyss:5  | Paralysed by accursed screaming for 2 turns
 75585 | Abyss:5  | Paralysed by accursed screaming for 2 turns
 75659 | Depths:1 | Escaped the Abyss
 75922 | Depths:1 | Voluntarily entered the Abyss.
 75980 | Abyss:1  | Noticed an ancient lich
 75996 | Abyss:1  | Killed an ancient lich
 76018 | Abyss:1  | Paralysed by accursed screaming for 1 turns
 76021 | Abyss:1  | Paralysed by accursed screaming for 2 turns
 76026 | Abyss:1  | Paralysed by accursed screaming for 2 turns
 76069 | Abyss:1  | Found a runed door.
 76137 | Abyss:1  | Gained mutation: You tend to lose your temper in combat. [a neqoxec]
 76259 | Abyss:3  | Found a blossoming altar of Fedhas.
 76291 | Abyss:3  | Received a gift from Trog
 76297 | Abyss:3  | Found a blossoming altar of Fedhas.
 76359 | Abyss:4  | Lost mutation: You tend to lose your temper in combat. [potion of cure mutation]
 76359 | Abyss:4  | Lost mutation: You are weak. (Str -2) [potion of cure mutation]
 76359 | Abyss:4  | Lost mutation: You are partially covered in yellow scales (AC +2). [potion of cure mutation]
 76359 | Abyss:4  | Lost mutation: Your spells are a little easier to cast, but a little less powerful. [potion of cure mutation]
 76359 | Abyss:4  | Lost mutation: You are clumsy. (Dex -2) [potion of cure mutation]
 76458 | Abyss:4  | Gained mutation: You tend to lose your temper in combat. [a neqoxec]
 76481 | Abyss:4  | Paralysed by accursed screaming for 1 turns
 76785 | Abyss:4  | Gained mutation: Your spells are a little easier to cast, but a little less powerful. [a neqoxec]
 76792 | Abyss:4  | Noticed an ancient lich
 76805 | Abyss:4  | Killed an ancient lich
 76835 | Abyss:4  | Reached skill level 27 in Dodging
 77021 | Abyss:4  | Gained mutation: Your spells are easier to cast, but less powerful. [a neqoxec]
 77101 | Abyss:4  | Received a gift from Trog
 77153 | Abyss:4  | Lost mutation: Your spells are easier to cast, but less powerful. [potion of cure mutation]
 77153 | Abyss:4  | Lost mutation: You tend to lose your temper in combat. [potion of cure mutation]
 77153 | Abyss:4  | Lost mutation: Your spells are a little easier to cast, but a little less powerful. [potion of cure mutation]
 77222 | Abyss:4  | Received a gift from Trog
 77244 | Abyss:4  | Paralysed by accursed screaming for 1 turns
 77321 | Abyss:4  | Gained mutation: You are dopey. (Int -2) [a neqoxec]
 77558 | Abyss:4  | Gained mutation: You possess an exceptional clarity of mind. [a neqoxec]
 77567 | Abyss:4  | Gained mutation: You have an increased reservoir of magic (+10% MP). [a neqoxec]
 77568 | Abyss:4  | Gained mutation: Your body sometimes deteriorates upon taking damage. [a neqoxec]
 77571 | Abyss:4  | Gained mutation: Your body often deteriorates upon taking damage. [a neqoxec]
 77893 | Abyss:4  | Reached skill level 15 in Evocations
 78045 | Abyss:4  | Found a stormy altar of Qazlal.
 78077 | Abyss:4  | Received a gift from Trog
 78226 | Abyss:4  | Reached skill level 15 in Throwing
 78254 | Abyss:4  | Received a gift from Trog
 78433 | Abyss:4  | Received a gift from Trog
 78481 | Abyss:4  | Paralysed by accursed screaming for 1 turns
 78492 | Abyss:4  | Paralysed by accursed screaming for 1 turns
 78546 | Abyss:4  | Gained mutation: You are occasionally teleported next to monsters. [a neqoxec]
 78640 | Abyss:4  | Got an abyssal rune of Zot
 78651 | Abyss:4  | Gained mutation: You are frail (-10% HP). [a neqoxec]
 78652 | Abyss:4  | Gained mutation: You occasionally shout uncontrollably at your foes. [a neqoxec]
 78681 | Depths:1 | Escaped the Abyss
 78822 | Zot:1    | Entered Level 1 of the Realm of Zot
 78831 | Zot:1    | Noticed an orb of fire
 78841 | Zot:1    | Killed an orb of fire
 79323 | Zot:1    | Lost mutation: You possess an exceptional clarity of mind. [potion of cure mutation]
 79323 | Zot:1    | Lost mutation: Your body often deteriorates upon taking damage. [potion of cure mutation]
 79323 | Zot:1    | Lost mutation: You occasionally shout uncontrollably at your foes. [potion of cure mutation]
 79323 | Zot:1    | Lost mutation: You are frail (-10% HP). [potion of cure mutation]
 79324 | Zot:1    | Lost mutation: You are dopey. (Int -2) [potion of cure mutation]
 79324 | Zot:1    | Lost mutation: Your body sometimes deteriorates upon taking damage. [potion of cure mutation]
 79324 | Zot:1    | Lost mutation: You have an increased reservoir of magic (+10% MP). [potion of cure mutation]
 79324 | Zot:1    | Lost mutation: You are occasionally teleported next to monsters. [potion of cure mutation]
 79395 | Zot:1    | Received a gift from Trog
 80221 | Zot:2    | Received a gift from Trog
 80865 | Zot:3    | Noticed an orb of fire
 80869 | Zot:3    | Gained mutation: Your movements are slightly less encumbered by armour (ER -2). [an orb of fire]
 80882 | Zot:3    | Killed an orb of fire
 81242 | Zot:4    | Received a gift from Trog
 82101 | Zot:5    | Entered Level 5 of the Realm of Zot
 82468 | Zot:5    | Noticed an ancient lich
 82475 | Zot:5    | Killed an ancient lich
 82475 | Zot:5    | Received a gift from Trog
 82492 | Zot:5    | Noticed an ancient lich
 82519 | Zot:5    | Killed an ancient lich
 82538 | Zot:5    | Received a gift from Trog
 82622 | Zot:5    | Noticed an orb of fire
 82623 | Zot:5    | Gained mutation: You are dopey. (Int -2) [an orb of fire]
 82630 | Zot:5    | Killed an orb of fire
 82668 | Zot:5    | Noticed an orb of fire
 82668 | Zot:5    | Gained mutation: You are weak. (Str -2) [an orb of fire]
 82686 | Zot:5    | Killed an orb of fire
 82996 | Zot:5    | Noticed an orb of fire
 83006 | Zot:5    | Gained mutation: You are very dopey. (Int -4) [an orb of fire]
 83008 | Zot:5    | Killed an orb of fire
 83012 | Zot:5    | Received a gift from Trog
 83130 | Zot:5    | Got the Orb of Zot
 83219 | Zot:5    | Noticed an ancient lich
 83234 | Zot:5    | Killed an ancient lich
 83255 | Zot:5    | Noticed an ancient lich
 83275 | Zot:5    | Killed an ancient lich
 83683 | D:12     | Noticed Fiyt the pandemonium lord
 83701 | D:12     | Killed Fiyt the pandemonium lord
 83840 | D:5      | Noticed Cacizen the pandemonium lord
 83916 | D:$      | Escaped with the Orb!

Skill      XL: |  1  2  3  4  5  6  7  8  9 10 11 12 13 14 15 16 17 18 19 20 21 22 23 24 25 26 27 |
---------------+----------------------------------------------------------------------------------+-----
Axes           | 4 6 8 9 11 13 15 18 19 21 22 23 25 26 27 | 27.0
Fighting       | 4 5 6 7 9 10 12 13 14 16 17 18 19 21 23 24 26 27 | 27.0
Armour         | 6 9 11 13 14 16 17 18 19 21 22 24 25 26 27 | 27.0
Dodging        | 4 8 10 13 16 17 19 21 27 | 27.0
Evocations     | 4 9 12 21 | 21.0
Throwing       | 7 21 | 21.6

Action                   |  1- 3 |  4- 6 |  7- 9 | 10-12 | 13-15 | 16-18 | 19-21 | 22-24 | 25-27 || total
-------------------------+-------+-------+-------+-------+-------+-------+-------+-------+-------++-------
Melee: Hand axe          |    53 |    96 |   496 |   324 |       |       |       |       |       ||   969
       Headbutt          |     9 |    18 |    84 |   153 |   275 |   313 |   263 |   324 |  1075 ||  2514
       Battleaxe         |       |       |       |   323 |  1287 |  1226 |   410 |       |       ||  3246
       War axe           |       |       |       |    47 |       |       |       |       |       ||    47
       Executioner's axe |       |       |       |       |       |   105 |   776 |  1102 |  3854 ||  5837
 Fire: Blowgun           |       |       |       |       |       |    52 |       |       |       ||    52
Throw: Javelin           |       |       |       |       |       |     6 |       |       |       ||     6
Invok: Berserk           |     1 |     1 |     2 |     8 |    11 |     9 |     7 |     8 |    17 ||    64
       Trog's Hand       |       |       |     2 |     4 |    11 |     7 |    10 |     8 |    47 ||    89
       Burn Spellbooks   |       |       |       |     2 |     2 |     4 |     3 |     3 |     9 ||    23
Evoke: Wand              |       |       |       |     7 |    14 |       |       |       |    18 ||    39
       Deck              |       |       |       |       |       |       |       |       |     1 ||     1
  Use: Scroll            |       |       |    19 |    15 |    23 |    11 |    23 |     9 |    42 ||   142
       Potion            |       |       |       |     2 |     2 |     1 |     1 |       |    15 ||    21
 Stab: Sleeping          |     1 |       |       |       |       |       |       |       |       ||     1
       Paralysed         |       |       |       |       |     1 |       |       |       |     1 ||     2
       Confused          |       |       |       |       |     1 |       |       |       |       ||     1
       Distracted        |       |       |       |       |       |       |       |     1 |     3 ||     4
       Invisible         |       |       |       |       |       |       |       |       |     2 ||     2
  Eat: Chunk             |     1 |     1 |    11 |    21 |    24 |    12 |    26 |    26 |     9 ||   131
       Bread ration      |       |     1 |     1 |     1 |     7 |     9 |     3 |       |     7 ||    29
       Pizza             |       |       |     1 |     1 |       |     2 |       |       |     1 ||     5
       Meat ration       |       |       |       |     1 |       |       |     1 |       |    15 ||    17
       Royal jelly       |       |       |       |       |       |     2 |       |     2 |     2 ||     6
       Fruit             |       |       |       |       |       |     1 |     2 |     9 |     6 ||    18
Armor: Animal skin       |     3 |       |       |       |       |       |       |       |       ||     3
       Ring mail         |     1 |    11 |       |       |       |       |       |       |       ||    12
       Scale mail        |       |    28 |   163 |   138 |       |       |       |       |       ||   329
       Crystal plate arm |       |       |       |   200 |   960 |  1178 |   687 |   712 |  1966 ||  5703
Dodge: Dodged            |    31 |    41 |   200 |   197 |   323 |   658 |   491 |   677 |  2712 ||  5330
Block: Other             |       |       |       |    23 |   140 |   148 |   103 |    96 |    48 ||   558
       Reflection        |       |       |       |       |    14 |     8 |    14 |    13 |       ||    49
